 Dungeon Crawl Stone Soup version 0.10.4 character file.

113 AuftragZ the Ducker (level 3, -1/27 HPs)
             Began as a Draconian Skald on Jan 31, 2020.
             Slain by an orc
             ... wielding a +0,+1 orcish hand axe
              (8 damage)
             ... on Level 3 of the Dungeon.
             The game lasted 00:11:38 (2922 turns).

AuftragZ the Ducker (Draconian Skald)               Turns: 2922, Time: 00:11:38

HP  -1/27        AC  5     Str 15      XL: 3   Next: 92%
MP   2/4         EV 12     Int 12      God:
Gold 49          SH  0     Dex 10      Spells:  1 memorised,  4 levels left

Res.Fire  : x . .   See Invis. : .   a - +0,+1 mace
Res.Cold  : + . .   Warding    : . . (armour unavailable)
Life Prot.: . . .   Conserve   : .   (no shield)
Res.Acid. : . . .   Res.Corr.  : .   (helmet restricted)
Res.Poison: .       Clarity    : .   (no cloak)
Res.Elec. : .       Spirit.Shd : .   (no gloves)
Sust.Abil.: . .     Stasis     : .   (no boots)
Res.Mut.  : .       Ctrl.Telep.: .   (no amulet)
Res.Rott. : .       Levitation : .   (no ring)
Saprovore : . . .   Ctrl.Flight: +   i - ring of ice

@: not resistant to hostile enchantments, unstealthy
A: unfitting armour, stinger 1, blink 1, -10% hp
a: Blink


You were on level 3 of the Dungeon.
You were not hungry.

You visited 1 branch of the dungeon, and saw 3 of its levels.

You collected 29 gold pieces.

Inventory:

Hand weapons
 a - a +0,+1 mace (weapon)
 d - a +1,+0 dagger (quivered)
Comestibles
 f - an apple
 g - 12 grapes
 h - a choko
 l - a bread ration
Scrolls
 b - a scroll of remove curse
 m - a scroll of teleportation
Jewellery
 i - a ring of ice (left hand)
 k - an uncursed amulet of the gourmand {unknown}
Potions
 e - a potion of curing
 j - a potion of degeneration {unknown}
Books
 c - a book of War Chants

   Spells                             Type                      Level
   Fire Brand                         Charms/Fire                  2
   Freezing Aura                      Charms/Ice                   2
   *Shroud of Golubria                Charms/Translocation         2
   Repel Missiles                     Charms/Air                   2
   Poison Weapon                      Charms/Poison                3
   Regeneration                       Charms/Necromancy            3


   Skills:
 + Level 2.8 Fighting
 + Level 3.1 Maces & Flails
 + Level 3.2 Dodging
 + Level 0.2 Stealth
 + Level 0.2 Stabbing
 + Level 2.1 Spellcasting
 + Level 2.8 Charms


You had 4 spell levels left.
You knew the following spells:

 Your Spells              Type           Power        Failure   Level  Hunger
a - Shroud of Golubria    Chrm/Tloc      #.........   28%         2    Choko

Dungeon Overview and Level Annotations

Branches:
Dungeon (3/27)

Altars:
Nemelex Xobeh


Innate Abilities, Weirdness & Mutations

Your plain brown scales are hard (AC +5).
Your body does not fit into most forms of armour.
Your tail ends in a poisonous barb.
You can translocate small distances at will.
You are frail (-10% HP).


Message History

You hit the orc.
You kill the orc!
The orc misses you. The orc barely misses you.
The orc hits you with an orcish hand axe.
You hit the orc but do no damage.
You tail-slap the orc, but do no damage.
Your shroud begins to fray at the edges.
Your shroud bends the orc's attack away.
The orc barely misses you.
Your shroud bends the orc's attack away.
The orc hits you but does no damage. The orc closely misses you.
You hit the orc but do no damage. The orc hits you but does no damage.
Your shroud bends the orc's attack away.
The orc hits you but does no damage.
You hit the orc but do no damage. The orc hits you with an orcish club.
* * * LOW HITPOINT WARNING * * *
Your shroud falls apart!
The orc misses you.
The orc hits you with an orcish hand axe!
You die...

######## #.# .
#.# .... #.#
..... #.#
...... #.#
....... #.#
....... #.#
.......
#.#####og......
#...^.@oS......
#######o.......
....... ......[
....... ######


You could see 3 orcs, a goblin and a ball python.

Vanquished Creatures
  3 oozes
  2 orcs (D:3)
  2 giant cockroaches
  12 goblins
  6 hobgoblins
  4 jackals (D:1)
  4 kobolds
  A ball python (D:2)
  2 bats
  8 giant newts
  15 rats
59 creatures vanquished.

Vanquished Creatures (others)
  3 toadstools
3 creatures vanquished.

Grand Total: 62 creatures vanquished

Notes
Turn   | Place    | Note
--------------------------------------------------------------
     0 | D:1      | AuftragZ, the Draconian Skald, began the quest for the Orb.
     0 | D:1      | Reached XP level 1. HP: 17/17 MP: 1/1
   165 | D:1      | Reached XP level 2. HP: 21/24 MP: 3/3
   757 | D:1      | Learned a level 2 spell: Shroud of Golubria
  1323 | D:1      | Reached XP level 3. HP: 27/30 MP: 4/4
  1386 | D:2      | Found a sparkling altar of Nemelex Xobeh.
  1906 | D:2      | Reached skill level 3 in Dodging
  2283 | D:2      | Gained mutation: Your tail ends in a poisonous barb.
  2283 | D:2      | Gained mutation: You can translocate small distances at will.
  2283 | D:2      | Gained mutation: You are frail (-10% HP).
  2922 | D:3      | Slain by an orc
